 Dungeon Crawl Stone Soup version 0.22.0-60-ga52c2fc (webtiles) character file.

108 topirishpotato the Insei (level 4, -5/28 HPs)
             Began as an Octopode Transmuter on Sept 10, 2018.
             Was an Initiate of Cheibriados.
             Slain by an orc
             ... wielding a +0 flail
              (13 damage)
             ... on level 3 of the Dungeon.
             The game lasted 00:06:47 (2689 turns).

topirishpotato the Insei (Octopode Transmuter)      Turns: 2689, Time: 00:06:48

Health: -5/28      AC:  1    Str: 10    XL:     4   Next: 87%
Magic:  7/7        EV: 13    Int: 16    God:    Cheibriados [......]
Gold:   148        SH:  0    Dex: 14    Spells: 1/7 levels left

rFire    . . .     SeeInvis .     - Unarmed
rCold    . . .     Gourm    .   (no shield)
rNeg     . . .     Faith    .   (helmet restricted)
rPois    .         Spirit   .   (no amulet)
rElec    .         Reflect  .   b - ring of flight
rCorr    .         Harm     .   (no ring)
MR       .....                  (no ring)
Stlth    +++.......             (no ring)
HPRegen  0.09/turn              (no ring)
MPRegen  0.10/turn              (no ring)
                                (no ring)
                                (no ring)

@: lethally poisoned (-5 -> -9), appendage, very slow
A: almost no armour, stealthy swim, amphibious, 8 rings, constrict 8, tentacle
spike 3, camouflage 1, gelatinous body 1
a: End Transformation, Bend Time, Renounce Religion, Evoke Flight


You were on level 3 of the Dungeon.
You worshipped Cheibriados.
Cheibriados was noncommittal.
You were not hungry.
One of your tentacles had a temporary spike.
You visited 1 branch of the dungeon, and saw 3 of its levels.

You collected 148 gold pieces.

Inventory:

Missiles
 a - 32 arrows
Jewellery
 b - a ring of flight (left tentacle)
Scrolls
 d - 3 scrolls of identify {unknown}
 e - a scroll of enchant armour {unknown}
 g - 2 scrolls of remove curse {unknown}
 h - a scroll of teleportation {unknown}
 l - a scroll of noise {unknown}
Potions
 f - a potion of lignification {unknown}
 i - a potion of curing {unknown}
 j - a potion of cancellation {unknown}
 k - a potion of agility {unknown}
 m - a potion of mutation {unknown}
Comestibles
 c - 4 rations


   Skills:
 - Level 1.0 Fighting
 - Level 2.2 Dodging
 + Level 2.2 Stealth
 * Level 4.4 Unarmed Combat
 + Level 2.3 Spellcasting
 + Level 2.4 Transmutations
 * Level 0.2 Poison Magic


You had one spell level left.
You knew the following spells:

 Your Spells              Type           Power        Failure   Level  Hunger
a - Beastly Appendage     Tmut           #.....       8%          1    #......
b - Sticks to Snakes      Tmut           #.......     11%         2    ###....
c - Spider Form           Tmut/Pois      #.........   34%         3    ###....

Your spell library contained the following spells:

 Spells                   Type           Power        Failure   Level  Hunger
 Ice Form                 Ice/Tmut       #.......     77%         4    #####..
 Blade Hands              Tmut           #.........   90%         5    ######.


Dungeon Overview and Level Annotations

Branches:
Dungeon (3/15)

Altars:
Ashenzari
Cheibriados


Innate Abilities, Weirdness & Mutations

You cannot wear most types of armour.
You are very stealthy in the water. (Stealth+)
You are amphibious.
You can wear up to eight rings at the same time.
You can use your tentacles to constrict eight enemies at once.
Your skin changes colour to match your surroundings (Stealth+).
Your rubbery body absorbs attacks. (AC +1, EV +1)
One of your tentacles bears a large vicious spike.


Message History

You are poisoned.
The adder poisons you!
The orc wizard gestures at you while chanting.
The magic dart hits you!
The frilled lizard hisses angrily.
The orc shouts!
You tentacle-slap the orc wizard but do no damage.
You grab the orc wizard.
You constrict the orc wizard, but do no damage.
You feel sick. The adder closely misses you.
A giant cockroach comes into view.
The orc wizard completely misses you. The orc hits you with a hand axe!
You tentacle-slap the orc wizard but do no damage.
You squeeze the orc wizard!
The orc wizard is heavily wounded.
You constrict the orc wizard. The adder closely misses you.
The orc wizard closely misses you. The adder bites you but does no damage.
You tentacle-slap the orc wizard.
The orc wizard is severely wounded.
You constrict the orc wizard.
You feel sick. The orc hits you with a flail!
You die...

#......##########
#...).).........#
##.###.######.#.#
##...#######.#.#
###.#.......<.######
#.#.#####......... #
#.# #####.#####.
....###o#
#...........
....oKo@#
#.###.#####.
###.##So# ### ##
..... .....##.
...l##. .. ..s. #.
.. > ... #. .## .#
.. .. .## .8# 8##


You could see an orc wizard, an adder, 3 orcs, a giant cockroach, a kobold and a
frilled lizard.

Vanquished Creatures
  4 adders (D:2)
  An ooze (D:1)
  A worm (D:2)
  3 dart slugs (D:2)
  7 bats
  6 giant cockroaches
  6 hobgoblins
  2 jackals (D:2)
  11 kobolds
  A quokka (D:2)
  2 ball pythons (D:1)
  4 frilled lizards
  5 goblins
  5 rats
58 creatures vanquished.

Notes
Turn   | Place    | Note
-------+----------+-------------------------------------------
     0 | D:1      | topirishpotato the Octopode Transmuter began the quest for
                  | the Orb.
     0 | D:1      | Reached XP level 1. HP: 13/13 MP: 3/3
   174 | D:1      | Reached XP level 2. HP: 17/18 MP: 5/5
   620 | D:1      | Reached XP level 3. HP: 23/23 MP: 6/6
   812 | D:1      | Reached skill level 1 in Stealth
   816 | D:1      | Learned a level 2 spell: Sticks to Snakes
   820 | D:1      | Learned a level 3 spell: Spider Form
  1083 | D:2      | Reached skill level 4 in Unarmed Combat
  1397 | D:2      | Found a snail-covered altar of Cheibriados.
  1416 | D:2      | Became a worshipper of Cheibriados the Contemplative
  1438 | D:2      | Reached XP level 4. HP: 15/28 MP: 7/7
  2223 | D:2      | Found a shattered altar of Ashenzari.
  2689 | D:3      | Slain by an orc

Skill      XL: |  1  2  3  4 |
---------------+-------------+-----
Stealth        | 1 2 |  2.2
Unarmed Combat | 4 |  4.4
Fighting       | |  1.0
Dodging        | |  2.2
Spellcasting   | |  2.3
Transmutations | |  2.4
Poison Magic   | |  0.2

Action                   |  1- 3 |  4- 6 || total
-------------------------+-------+-------++-------
Melee: Unarmed           |    89 |    50 ||   139
       Tentacles         |    15 |     5 ||    20
       Constrict         |    21 |    14 ||    35
       Kick              |    13 |    12 ||    25
       Punch             |     1 |       ||     1
 Cast: Beastly Appendage |    19 |    14 ||    33
 Stab: Sleeping          |     6 |     9 ||    15
  Eat: Ration            |     1 |       ||     1
       Chunk             |       |     3 ||     3
Armor: Skin              |    18 |     4 ||    22
Dodge: Dodged            |    80 |    22 ||   102
